 Dungeon Crawl Stone Soup version 0.31-a0-233-g139696dc86 (webtiles) character file.

Game seed: 12701166653796332111

81 greasedhog the Trooper (level 4, -3/50 HPs)
             Began as an Ogre Fighter on July 9, 2023.
             Slain by Grinder (4 damage)
             ... while paralysed by Grinder
             ... on level 3 of the Dungeon.
             The game lasted 00:02:16 (1691 turns).

greasedhog the Trooper (Ogre Fighter)               Turns: 1691, Time: 00:02:17

Health: -3/50      AC:  4    Str: 22    XL:     4   Next: 42%
Magic:  4/4        EV:  1    Int:  9    God:
Gold:   104        SH:  0    Dex: 14    Spells: 3/3 levels left

rFire   . . .        a - +0 flail
rCold   . . .        c - +0 kite shield
rNeg    . . .        b - +0 robe
rPois   .            (helmet restricted)
rElec   .            p - +0 cloak
rCorr   .            (gloves unavailable)
SInv    .            (boots unavailable)
Will    .....        (no amulet)
Stlth   +            l - +6 ring of dexterity
HPRegen 0.28/turn    (no ring)
MPRegen 0.09/turn

%: no passive effects
@: paralysed, mighty
A: large, unfitting armour, tough skin 1
a: no special abilities


You were on level 3 of the Dungeon.
You visited 1 branch of the dungeon, and saw 3 of its levels.

You collected 104 gold pieces.

Inventory:

Hand Weapons
 a - a +0 flail (weapon)
Missiles
 n - 6 poisoned darts
Armour
 b - a +0 robe (worn)
 c - a +0 kite shield (worn)
 p - a +0 cloak (worn)
Jewellery
 l - a +6 ring of dexterity (left hand)
 m - an amulet of faith
Scrolls
 f - 2 scrolls of fog
 o - 2 scrolls of immolation
Potions
 h - a potion of degeneration {unknown}
 j - a potion of invisibility {unknown}
 k - a potion of attraction {unknown}
 q - a potion of enlightenment {unknown}
 r - a potion of lignification {unknown}


   Skills:
 + Level 5.1 Fighting
 * Level 3.4 Maces & Flails
 - Level 2.6 Dodging
 - Level 3.0 Shields


You had 3 spell levels left.
You didn't know any spells.
Your spell library was empty.

Dungeon Overview and Level Annotations

Branches:
Dungeon (3/15)

Altars:
Fedhas

Annotations:
D:3 Grinder, Ijyb


Innate Abilities, Weirdness & Mutations

You are too large for most types of armour.
You have tough skin. (AC +1)


Message History

Grinder gestures at you. You resist with significant effort.
You feel very mighty all of a sudden.
Grinder blinks!
Grinder blinks!
Grinder blinks!
Grinder hits you.
You writhe in agony.
* * * LOW HITPOINT WARNING * * *
You barely miss Grinder.
Grinder is lightly wounded.
Grinder hits you!
* * * LOW HITPOINT WARNING * * *
You writhe in agony.
* * * LOW HITPOINT WARNING * * *
Unknown command.
You feel much better. Grinder closely misses you.
You closely miss Grinder.
Grinder is lightly wounded.
Grinder hits you.
* * * LOW HITPOINT WARNING * * *
You writhe in agony.
* * * LOW HITPOINT WARNING * * *
Grinder blinks!
You block Grinder's attack.
The kobold shouts!
You bludgeon Grinder!!
Grinder is severely wounded.
The kobold throws a stone.
The stone closely misses you. Grinder hits you.
* * * LOW HITPOINT WARNING * * *
You writhe in agony.
* * * LOW HITPOINT WARNING * * *
You hit Grinder.
Grinder is severely wounded.
The kobold throws a stone.
You block the stone. Grinder gestures at you.
You suddenly lose the ability to move!
Grinder hits you.
* * * LOW HITPOINT WARNING * * *
You writhe in agony.
You die...

...... #.#... ##.......####...#
.................# .
...........##....###.... ..
.................... ... ..
..........(...#..###... #.
....................... .g
.........#...##...##.. #K
.............##.@5# #.
..........##.##...## #.
........####.#.....# ..# #<
........## #.....#.##......# #.
...##.#..####..#...........# ##
...#.......##..#...........# ##.
#..#...>...##..##...K......####..
#..#........#..##............#...
...........................#.#...


You could see Grinder and a kobold.

Vanquished Creatures
  2 adders (D:2)
  4 dart slugs
  3 orcs (D:2)
  A bat (D:2)
  3 endoplasms
  2 giant cockroaches
  7 goblins
  3 hobgoblins
  2 jackals (D:2)
  4 quokkas (D:1)
  7 ball pythons
  A frilled lizard (D:2)
  4 kobolds (D:1)
  6 rats
49 creatures vanquished.

Notes
Turn   | Place    | Note
-------+----------+-------------------------------------------
     0 | D:1      | greasedhog the Ogre Fighter began the quest for the Orb.
     0 | D:1      | Reached XP level 1. HP: 24/24 MP: 1/1
   184 | D:1      | Reached XP level 2. HP: 25/32 MP: 2/2
   646 | D:1      | Reached XP level 3. HP: 35/40 MP: 3/3
   948 | D:1      | Found a blossoming altar of Fedhas.
  1175 | D:2      | Reached XP level 4. HP: 49/49 MP: 4/4
  1292 | D:2      | Found a faded altar of an unknown god.
  1317 | D:2      | Reached skill level 5 in Fighting
  1469 | D:3      | Noticed Ijyb
  1654 | D:3      | Noticed Grinder
  1685 | D:3      | HP: 2/50 [Grinder (3)]
  1690 | D:3      | Paralysed by Grinder for 4 turns
  1691 | D:3      | HP: 1/50 [Grinder (4)]
  1691 | D:3      | Slain by Grinder

Illustrated notes

Levels and vault maps discovered:
D:1:      dpeg_arrival_water_altar, layout_basic, serial_bayou_lagoon_a
D:2:      layout_rooms, dreamdust_ecumenical_altar_angels_and_demons
D:3:      layout_rooms, jmf_multi_god_temple, uniq_terence, uniq_grinder,
          uniq_ijyb

Skill      XL: |  1  2  3  4 |
---------------+-------------+-----
Maces & Flails | 2 3 |  3.4
Fighting       | 5 |  5.1
Dodging        | |  2.6
Shields        | |  3.0

Action                     |  1- 3 |  4- 6 || total
---------------------------+-------+-------++-------
  Melee: Flail             |   135 |    40 ||   175
  Throw: Dart              |       |     3 ||     3
    Use: Scroll            |       |     3 ||     3
         Potion            |       |     2 ||     2
   Stab: Sleeping          |     1 |     1 ||     2
 Armour: Robe              |    40 |    10 ||    50
  Dodge: Dodged            |    63 |    15 ||    78
  Block: Kite shield       |    58 |    11 ||    69

Table legend: (Time is in decaauts)
 A = Elapsed time spent in this place.
 B = Non-inter-level travel time spent in this place.
 C = Inter-level travel time spent in this place.
 D = Time resting spent in this place.
 E = Time spent auto-exploring this place.
 F = Levels seen in this place.
 G = Mean time per level.
                   A        B        C        D        E       F      G
               +--------+--------+--------+--------+--------+-----+--------+
         Total |   1762 |   1724 |     38 |    243 |   1022 |   3 |  587.3 |
       Dungeon |   1762 |   1724 |     38 |    243 |   1022 |   3 |  587.3 |
               +--------+--------+--------+--------+--------+-----+--------+

Top non-repeatable levels by time:
     D:1: 1010 daAuts
     D:2: 575 daAuts
     D:3: 175 daAuts
